 Dungeon Crawl Stone Soup version 0.18-a0-1426-g3b9a63c (webtiles) character file.

664 namelastname112 the Martial Artist (level 7, 0/85 HPs)
             Began as a Black Draconian Monk on Feb 27, 2016.
             Slain by a hound (1 damage)
             ... on level 7 of the Dungeon.
             The game lasted 00:03:57 (2356 turns).

namelastname112 the Martial Artist (DrMo)           Turns: 2356, Time: 00:03:57

Health: 0/85       AC: 23    Str: 13    XL:     7   Next: 31%
Magic:  7/7        EV:  2    Int: 11    God:
Gold:   150        SH:  0    Dex: 15    Spells: 0 memorised, 6 levels left

rFire  . . .     SeeInvis .       - Unarmed
rCold  . . .     Gourm    .     (armour unavailable)
rNeg   + + +     Faith    .     (no shield)
rPois  +         Spirit   .     (helmet currently unavailable)
rElec  .         Dismiss  .     (cloak currently unavailable)
rCorr  .         Reflect  .     (gloves currently unavailable)
SustAt .         Harm     .     (boots currently unavailable)
MR     .....     NoTele   +     (no amulet)
Stlth  ++........               (no ring)
                                (no ring)

@: lethally poisoned (0 -> -1), tree-form, not resistant to hostile
enchantments, unstealthy
A: (breathe lightning), unfitting armour, (electricity resistance),
(cold-blooded), AC +6
a: no special abilities


You were on level 7 of the Dungeon.
You were hungry.
You were a tree.
You visited 1 branch of the dungeon, and saw 5 of its levels.

You collected 150 gold pieces.

Inventory:

Wands
 n - a wand of random effects (23/48)
Scrolls
 d - a scroll of identify
 g - a scroll of recharging {unknown}
 i - a scroll of fog {unknown}
 j - 2 scrolls of remove curse {unknown}
 k - a scroll of blinking {unknown}
 m - a scroll of immolation {unknown}
 o - a scroll of enchant armour {unknown}
 p - 2 scrolls of teleportation {unknown}
Potions
 b - 2 potions of flight
Comestibles
 a - 4 bread rations
 q - a chunk of flesh


   Skills:
 - Level 3.2 Fighting
 - Level 2.6 Dodging
 - Level 1.7 Stealth
 + Level 9.0 Unarmed Combat


You had 6 spell levels left.
You didn't know any spells.

Dungeon Overview and Level Annotations

Branches:
Dungeon (7/15)
 Temple: D:4-7

Altars:
Dithmenos
Kikubaaqudgha
Sif Muna
Trog
Xom

Annotations:
D:3 exclusion: door
D:7 Joseph


Innate Abilities, Weirdness & Mutations

((You can breathe wild blasts of lightning.))
((Your glossy black scales are hard (AC +6).))
Your body does not fit into most forms of armour.
((You are resistant to electric shocks.))
((You are cold-blooded and may be slowed by cold attacks.))


Message History

You are lethally poisoned!
The worker ant poisons you!
An adder comes into view.
Drink which item? (? for menu, Esc to quit)
Okay, then.
You hit the worker ant.
You kill the worker ant!
* * * LOW HITPOINT WARNING * * *
You feel sick.
The hound bites you but does no damage. x2
You completely miss the hound. The hound bites you but does no damage.
You smack the hound!
The hound is severely wounded.
* * * LOW HITPOINT WARNING * * *
You feel sick. The hound bites you but does no damage.
Joseph shoots a sling bullet.
The sling bullet hits you but does no damage.
You barely miss the hound.
The hound is severely wounded.
The hound bites you.
You die...

... .... ..# ...##
#.##......
#..$...(.. ##
##...>..... ...#
#.....$.... .....
#<.........
......####....%.....
...S..)♣†#(.........
.......#h@.........#
.....$.#...........#
.........#.........#
##..#...##....>.....
##...#. #..........
...### ..........#
#... .#.......... .<
#............


You could see Joseph, a hound and an adder.

Vanquished Creatures
  2 ogres
  A giant frog (D:7)
  A scorpion (D:6)
  A howler monkey (D:7)
  3 crimson imps (D:3)
  2 orc priests (D:3)
  2 hounds (D:6)
  Jessica (D:3)
  A worker ant (D:7)
  An adder (D:3)
  An ooze (D:2)
  2 worms (D:2)
  A giant gecko (D:1)
  5 orcs
  2 ball pythons
  6 giant cockroaches
  4 goblins
  4 hobgoblins
  5 kobolds
  9 bats
  3 giant newts
  A quokka zombie (D:7)
  6 rats
64 creatures vanquished.

Vanquished Creatures (others)
  A human (D:2)
1 creature vanquished.

Grand Total: 65 creatures vanquished

Notes
Turn   | Place    | Note
--------------------------------------------------------------
     0 | D:1      | namelastname112 the Draconian Monk began the quest for the Orb.
     0 | D:1      | Reached XP level 1. HP: 19/19 MP: 1/1
   125 | D:1      | Reached XP level 2. HP: 21/26 MP: 2/2
   507 | D:2      | Found a bloodstained altar of Trog.
   580 | D:2      | Reached skill level 5 in Unarmed Combat
   582 | D:2      | Reached XP level 3. HP: 31/31 MP: 3/3
  1224 | D:2      | Found an ancient bone altar of Kikubaaqudgha.
  1224 | D:2      | Noticed a human
  1227 | D:2      | Killed a human
  1332 | D:3      | Found a shadowy altar of Dithmenos.
  1347 | D:3      | Found a shimmering altar of Xom.
  1382 | D:3      | Reached XP level 4. HP: 38/38 MP: 4/4
  1403 | D:3      | Reached skill level 6 in Unarmed Combat
  1450 | D:3      | Reached XP level 5. HP: 30/45 MP: 5/5
  1592 | D:3      | Found a deep blue altar of Sif Muna.
  1675 | D:3      | Reached skill level 7 in Unarmed Combat
  1679 | D:3      | HP: 2/45 [orc/hand axe of electrocution (18)]
  1725 | D:3      | Noticed Jessica
  1983 | D:3      | Killed Jessica
  2108 | D:3      | You fall through a shaft for 3 floors!
  2126 | D:6      | Reached XP level 6. HP: 43/51 MP: 6/6
  2296 | D:6      | Noticed an orc warrior
  2300 | D:6      | Reached skill level 8 in Unarmed Combat
  2329 | D:7      | Noticed Joseph
  2345 | D:7      | Your scales start taking on a glossy black colour.
  2345 | D:7      | Reached XP level 7. HP: 33/57 MP: 7/7
  2345 | D:7      | Gained mutation: You are resistant to electric shocks. [Black Draconian growth]
  2350 | D:7      | Reached skill level 9 in Unarmed Combat
  2352 | D:7      | HP: 2/85 [worker ant (5)]
  2356 | D:7      | Slain by a hound

Vault maps used:
D:1:      roderic_dead_forest, grunt_decor_mini_mirrors, st_stairs_12
D:2:      bloody_trog, tgw_kikubaaqudgha
D:3:      led_xom_imps, led_sif_book, first_bread,
          grunt_dithmenos_smoke_and_mirrors, uniq_grinder, uniq_jessica
D:6:      nicolae_qazlal_general_emergency, minmay_misc_feat_tower,
          kennysheep_small_circle
D:7:      grunt_temple_overflow_gold_and_silver, minmay_temple_entry_crystal_x,
          nicolae_ossuary_entry_plus, uniq_joseph

Skill      XL: |  1  2  3  4  5  6  7 |
---------------+----------------------+-----
Unarmed Combat | 5 6 7 8 9 |  9.0
Fighting       | |  3.2
Dodging        | |  2.6
Stealth        | |  1.7

Action                   |  1- 3 |  4- 6 |  7- 9 || total
-------------------------+-------+-------+-------++-------
Melee: Unarmed           |   143 |   113 |    11 ||   267
  Use: Scroll            |       |     3 |       ||     3
       Potion            |       |     3 |       ||     3
 Stab: Sleeping          |     4 |     1 |       ||     5
  Eat: Chunk             |     1 |     4 |       ||     5
